 Dungeon Crawl Stone Soup version 0.28-a0-194-g42b4daccc1 (webtiles) character file.

Game seed: 8234352687898270112

53 Lochraine the Sneak (level 3, 0/21 HPs)
             Began as an Octopode Fire Elementalist on Aug 18, 2021.
             Slain by a gnoll (8 damage)
             ... on level 2 of the Dungeon.
             The game lasted 00:02:30 (1561 turns).

Lochraine the Sneak (Octopode Fire Elementalist)    Turns: 1561, Time: 00:02:30

Health: 0/21       AC:  1    Str:  7    XL:     3   Next: 87%
Magic:  3/6        EV: 13    Int: 18    God:
Gold:   50         SH:  0    Dex: 12    Spells: 3/7 levels left

rFire   . . .      SeeInvis .   g - +1 dagger (protect)
rCold   . . .      Faith    .   (no shield)
rNeg    . . .      Spirit   .   (helmet restricted)
rPois   .          Reflect  .   (no amulet)
rElec   .          Harm     .   (no ring)
rCorr   .          Rampage  .   (no ring)
Will    .....                   (no ring)
Stlth   +++.......              (no ring)
HPRegen 0.07/turn               (no ring)
MPRegen 0.10/turn               (no ring)
                                (no ring)
                                (no ring)

@: no status effects
A: almost no armour, amphibious, 8 rings, camouflage 1, gelatinous body 1,
(nimble swimmer 1), tentacles
a: no special abilities


You were on level 2 of the Dungeon.
You visited 1 branch of the dungeon, and saw 2 of its levels.

You collected 50 gold pieces.

Inventory:

Hand Weapons
 a - a +0 whip
   (You found it on level 1 of the Dungeon)
 g - a +1 dagger of protection (weapon)
   (You took it off a goblin on level 1 of the Dungeon)
Missiles
 b - 12 poisoned darts
Scrolls
 e - 3 scrolls of enchant weapon {unknown}
 f - a scroll of immolation {unknown}
 h - a scroll of magic mapping {unknown}
 j - a scroll of blinking {unknown}
Potions
 c - a potion of might {unknown}
 d - a potion of invisibility {unknown}
 i - a potion of curing {unknown}
 k - a potion of flight {unknown}


   Skills:
 - Level 2.0 Dodging
 + Level 3.7 Stealth
 + Level 2.5 Spellcasting
 + Level 1.8 Conjurations
 + Level 3.4 Fire Magic


You had 3 spell levels left.
You knew the following spells:

 Your Spells              Type           Power      Damage    Failure   Level
a - Foxfire               Conj/Fire      44%        2x1d6     6%          1
d - Conjure Flame         Conj/Fire      11%        6-21      17%         3

Your spell library contained the following spells:

 Spells                   Type           Power      Damage    Failure   Level
 Inner Flame              Hex/Fire       8%         N/A       26%         3
 Sticky Flame             Conj/Fire      11%        2d3       50%         4
 Fireball                 Conj/Fire      5%         3d5       85%         5


Dungeon Overview and Level Annotations

Branches:
Dungeon (2/15)

Altars:


Innate Abilities, Weirdness & Mutations

You cannot wear most types of armour.
You are amphibious.
You can wear up to eight rings at the same time.
Your skin changes colour to match your surroundings (Stealth+).
Your rubbery body absorbs attacks. (AC +1, EV +1)
((You are camouflaged near water. (Stealth+)))
You have tentacles for arms and can constrict up to eight enemies at once.


Message History

You hit the gnoll. You grab the gnoll. You constrict the gnoll.
The gnoll hits you from afar with a +0 spear.
The goblin barely misses you. The gnoll closely misses you.
You hit the gnoll but do no damage.
You constrict the gnoll, but do no damage.
The gnoll hits you from afar with a +0 spear.
The goblin hits you but does no damage. The gnoll hits you but does no damage.
You hit the gnoll. You squeeze the gnoll.
You kill the gnoll!
The gnoll closely misses you. The goblin barely misses you.
You hit the goblin. Your grab misses the goblin. The gnoll barely misses you.
The goblin barely misses you.
You barely miss the goblin. You grab the goblin. You constrict the goblin.
You kill the goblin!
The gnoll hits you from afar with a +0 spear.
The gnoll hits you from afar with a +0 spear.
You conjure some foxfire!
The gnoll hits you from afar with a +0 spear.
* * * LOW HITPOINT WARNING * * *
The foxfire hits the gnoll.
There is a stone staircase leading up here.
You climb upwards.
There is a stone staircase leading down here.
You start resting.
You start resting.
There is a stone staircase leading down here.
You climb downwards.
There is a stone staircase leading up here.
A gnoll is nearby!
You conjure some foxfire!
The foxfire hits the gnoll.
You conjure some foxfire!
The foxfire hits the gnoll but does no damage.
The foxfire hits the gnoll.
The gnoll misses you.
You conjure some foxfire!
The gnoll hits you from afar with a +0 spear.
The foxfire hits the gnoll but does no damage.
The foxfire hits the gnoll.
The gnoll completely misses you. The gnoll closely misses you.
The gnoll completely misses you.
There is a stone staircase leading up here.
You conjure some foxfire!
The gnoll hits you from afar with a +0 spear.
The gnoll barely misses you.
The foxfire hits the gnoll. x2; The gnoll completely misses you.
The gnoll hits you from afar with a +0 spear.
* * * LOW HITPOINT WARNING * * *
The gnoll misses you.
The gnoll hits you from afar with a +0 spear!
You die...

###..........#
##..........#
##...........#
#............#
.......>....##
..##........##
###..........#
#.......g..#
#.......g.@#
#..P♣......#
#..PP......#
##........##
#..P....##
##....###
##..## ####


You could see 2 gnolls.

Vanquished Creatures
  2 gnolls (D:2)
  4 bats (D:1)
  An endoplasm (D:1)
  A giant cockroach (D:1)
  3 goblins
  5 hobgoblins (D:1)
  A quokka (D:1)
  5 ball pythons
  5 frilled lizards
  A kobold (D:1)
  5 rats (D:1)
33 creatures vanquished.

Vanquished Creatures (others)
  29 foxfires
29 creatures vanquished.

Grand Total: 62 creatures vanquished

Notes
Turn   | Place    | Note
-------+----------+-------------------------------------------
     0 | D:1      | Lochraine the Octopode Fire Elementalist began the quest
                  | for the Orb.
     0 | D:1      | Reached XP level 1. HP: 11/11 MP: 3/3
   166 | D:1      | Reached XP level 2. HP: 17/17 MP: 1/5
   767 | D:1      | Found a faded altar of an unknown god.
   902 | D:1      | Reached XP level 3. HP: 13/21 MP: 1/6
  1223 | D:2      | Learned a level 3 spell: Conjure Flame
  1561 | D:2      | Slain by a gnoll

Illustrated notes

Levels and vault maps discovered:
D:1:      psy_arrival_terrarium, layout_rooms, basic_ecumenical_altar,
          minmay_tiny_reverse_x
D:2:      layout_rooms, moated_statue, serial_park_tiny_2, minmay_pentomino_q2

Skill      XL: |  1 |
---------------+----+-----
Stealth        | 3 |  3.7
Dodging        | |  2.0
Spellcasting   | |  2.5
Conjurations   | |  1.8
Fire Magic     | |  3.4

Action                   || total
-------------------------++-------
Melee: Whip              ||    34
       Tentacles         ||    10
       Constrict         ||    18
       Unarmed           ||     1
       Dagger            ||    35
 Cast: Foxfire           ||    18
 Stab: Sleeping          ||     5
Armor: Skin              ||    17
Dodge: Dodged            ||    56

Table legend: (Time is in decaauts)
 A = Elapsed time spent in this place.
 B = Non-inter-level travel time spent in this place.
 C = Inter-level travel time spent in this place.
 D = Time resting spent in this place.
 E = Time spent auto-exploring this place.
 F = Levels seen in this place.
 G = Mean time per level.
                   A        B        C        D        E       F      G
               +--------+--------+--------+--------+--------+-----+--------+
         Total |   1563 |   1538 |     25 |    309 |    985 |   2 |  781.5 |
       Dungeon |   1563 |   1538 |     25 |    309 |    985 |   2 |  781.5 |
               +--------+--------+--------+--------+--------+-----+--------+

Top non-repeatable levels by time:
     D:1: 1441 daAuts
     D:2: 122 daAuts
